 Dungeon Crawl Stone Soup version 0.28.0 (webtiles) character file.

Game seed: 16993983244885571569

1891 GenialerGandalf the Cleaver (level 9, -1/79 HPs)
             Began as a Hill Orc Fighter on Feb 10, 2022.
             Was a Follower of Beogh.
             Slain by a killer bee (5 damage)
             ... on level 7 of the Dungeon.
             The game lasted 00:17:03 (7828 turns).

GenialerGandalf the Cleaver (Hill Orc Fighter)      Turns: 7828, Time: 00:17:04

Health: -1/79      AC:  8    Str: 23    XL:     9   Next: 15%
Magic:  11/11      EV: 10    Int: 11    God:    Beogh [*.....]
Gold:   369        SH:  5    Dex: 10    Spells: 8/8 levels left

rFire   + + .      SeeInvis +   a - +0 war axe (protect)
rCold   + . .      Faith    .   c - +0 buckler
rNeg    . . .      Spirit   .   g - +1 ring mail {rF+}
rPois   +          Reflect  .   r - +1 hat of Rapro {Drain Int+3 SInv}
rElec   +          Harm     .   (no cloak)
rCorr   +          Rampage  .   (no gloves)
Will    .....                   (no boots)
Stlth   ..........              (no amulet)
HPRegen 0.23/turn               (no ring)
MPRegen 0.12/turn               (no ring)

@: resistant (expiring)
A: no striking features
a: Renounce Religion


You were on level 7 of the Dungeon.
You worshipped Beogh.
Beogh was aware of your devotion.
You visited 2 branches of the dungeon, and saw 9 of its levels.

You collected 369 gold pieces.

Inventory:

Hand Weapons
 a - a +0 war axe of protection (weapon)
Armour
 b - a +0 scale mail
 c - a +0 buckler (worn)
 g - a +1 ring mail of fire resistance (worn)
 r - the +1 hat of Rapro (worn) {Drain Int+3 SInv}
   (You found it on level 4 of the Dungeon)

   Int:       It affects your intelligence (+3).
   SInv:      It lets you see invisible.
   Drain:     It drains your maximum health when unequipped.
Wands
 m - a wand of digging (5)
 p - a wand of acid (4)
Scrolls
 f - 2 scrolls of vulnerability
 j - a scroll of brand weapon
 k - 2 scrolls of amnesia {unknown}
 l - 3 scrolls of teleportation
 n - a scroll of enchant weapon {unknown}
 q - a scroll of fear
 t - a scroll of magic mapping {unknown}
 v - a scroll of fog
 x - a scroll of noise {unknown}
 y - a scroll of immolation {unknown}
Potions
 d - 2 potions of brilliance
 s - 2 potions of flight
 u - a potion of berserk rage
 w - 2 potions of attraction


   Skills:
 * Level 7.0 Fighting
 * Level 10.6 Axes
 * Level 6.2 Armour
 - Level 1.0 Dodging
 * Level 5.0 Shields
 * Level 3.4 Invocations


You had 8 spell levels left.
You didn't know any spells.
Your spell library contained the following spells:

 Spells                   Type           Power      Damage    Failure   Level
 Animate Skeleton         Necr           0%         N/A       56%         1
 Apportation              Tloc           0%         N/A       56%         1
 Summon Small Mammal      Summ           0%         N/A       56%         1
 Static Discharge         Conj/Air       0%         N/A       71%         2
 Gell's Gravitas          Tloc           0%         N/A       90%         3
 Lesser Beckoning         Tloc           0%         N/A       90%         3
 Teleport Other           Tloc           0%         N/A       90%         3
 Tukima's Dance           Hex            0%         N/A       90%         3
 Anguish                  Hex/Necr       0%         N/A       100%        4
 Dispel Undead            Necr           0%         3d6       100%        4
 Sticky Flame             Conj/Fire      0%         2d3       100%        4
 Enfeeble                 Hex            0%         N/A       100%        7


Dungeon Overview and Level Annotations

Branches:
Dungeon (8/15)             Temple (1/1) D:4
   Lair: D:8-11

Altars:
Ashenzari
Dithmenos
Elyvilon
Gozag
Hepliaklqana
Makhleb
Qazlal
Sif Muna
Yredelemnul
Zin
The Shining One
Beogh

Shops:
D:2 [(


Message History

Your weapon exudes an aura of protection.
The killer bee is almost dead.
The killer bee closely misses you. The killer bee misses you.
You barely miss the killer bee.
The killer bee is almost dead.
The killer bee barely misses you.
The killer bee stings you but does no damage.
You miss the killer bee.
The killer bee is almost dead.
The killer bee stings you but does no damage.
You block the killer bee's attack. The killer bee closely misses you.
You miss the killer bee.
The killer bee is almost dead.
The killer bee stings you.
* * * LOW HITPOINT WARNING * * *
The killer bee misses you.
You barely miss the killer bee.
The killer bee is almost dead.
The killer bee stings you but does no damage.
You miss the killer bee.
The killer bee is almost dead.
The killer bee stings you!
* * * LOW HITPOINT WARNING * * *
The killer bee barely misses you.
You miss the killer bee.
The killer bee is almost dead.
The killer bee buzzes angrily.
The killer bee stings you.
* * * LOW HITPOINT WARNING * * *
The killer bee barely misses you. The killer bee stings you.
* * * LOW HITPOINT WARNING * * *
You feel better.
You start to feel less resistant.
You block the killer bee's attack. The killer bee barely misses you.
You miss the killer bee.
The killer bee is almost dead.
You closely miss the killer bee. The killer bee stings you!
* * * LOW HITPOINT WARNING * * *
The killer bee barely misses you. The killer bee stings you.
You die...

#..# ##..# ...# #...# ...
#..># #..# ##..## ...#
#...# ##...# #...#
#...#####
##..####........
#...###@........
##...##yy........ ...
#........######## ...
#......### ##... #.....##
##.... #...)### #.....
#......#############.....
#........................
#........................


You could see 2 killer bees.

Vanquished Creatures
  A steam dragon (D:7)
  An acid dragon (D:5)
  The ghost of mn3067 the Magician, an amateur DEFE (D:4)
  A water moccasin (D:4)
  A black bear (D:4)
  2 ice beasts (D:6)
  An orc warrior (D:7)
  2 ogres (D:5)
  A centaur (D:4)
  A bullfrog (D:6)
  A water moccasin zombie (D:6)
  2 water moccasin skeletons
  A howler monkey (D:5)
  2 centaur zombies (D:5)
  2 centaur skeletons
  2 hounds
  2 jellies (D:6)
  An orc wizard (D:5)
  An iguana (D:5)
  A killer bee zombie (D:6)
  A howler monkey skeleton (D:7)
  7 adders
  A shadow imp (D:6)
  A white imp (D:7)
  17 dart slugs
  22 orcs
  7 bats
  9 endoplasms
  6 giant cockroaches
  6 goblins
  11 jackals
  2 quokkas
  6 ball pythons
  A frilled lizard (D:2)
  2 kobolds
  8 rats
134 creatures vanquished.

Vanquished Creatures (collateral kills)
  A killer bee (D:7)
1 creature vanquished.

Vanquished Creatures (others)
  An orc (D:4)
  4 plants (D:1)
5 creatures vanquished.

Grand Total: 140 creatures vanquished

Notes
Turn   | Place    | Note
-------+----------+-------------------------------------------
     0 | D:1      | GenialerGandalf the Hill Orc Fighter began the quest for
                  | the Orb.
     0 | D:1      | Reached XP level 1. HP: 19/19 MP: 1/1
   132 | D:1      | Reached XP level 2. HP: 26/27 MP: 2/2
   453 | D:1      | Reached skill level 3 in Axes
   553 | D:1      | Reached XP level 3. HP: 33/33 MP: 3/3
  1202 | D:2      | Found Byasoh's Weapon Boutique.
  1350 | D:2      | Reached skill level 4 in Axes
  1479 | D:2      | Reached XP level 4. HP: 37/40 MP: 4/4
  1566 | D:2      | Found Ukhenet's Armour Boutique.
  1807 | D:2      | Found a faded altar of an unknown god.
  2722 | D:4      | Found a broken altar of Ashenzari.
  2769 | D:4      | Noticed a water moccasin
  2800 | D:4      | Killed a water moccasin
  2801 | D:4      | Reached skill level 5 in Axes
  2801 | D:4      | Reached XP level 5. HP: 19/47 MP: 5/5
  3173 | D:4      | Reached XP level 6. HP: 46/53 MP: 6/6
  3308 | D:4      | Reached skill level 6 in Axes
  3308 | D:4      | Reached skill level 1 in Dodging
  3709 | D:4      | Identified the +0 pair of boots of Valiance {rC+ SInv}
  3746 | D:4      | Noticed a black bear
  3757 | D:4      | Killed a black bear
  3758 | D:4      | Reached skill level 5 in Fighting
  3942 | D:4      | Found a staircase to the Ecumenical Temple.
  4106 | Temple   | Entered the Ecumenical Temple
  4251 | D:4      | Reached skill level 7 in Axes
  4423 | D:4      | Found a runed translucent gate.
  4423 | D:4      | Noticed mn3067's ghost (amateur DEFE)
  4424 | D:4      | Found a runed translucent gate.
  4425 | D:4      | Found a runed translucent gate.
  4425 | D:4      | Identified the +6 scale mail of the Saviour {rF+ Str+2}
  4426 | D:4      | Noticed an orc warrior
  4433 | D:4      | Identified the +2 leather armour "Opuoheepp" {Int+4}
  4434 | D:4      | Found a roughly hewn altar of Beogh.
  4457 | D:4      | Became a worshipper of Beogh the Brigand
  4460 | D:4      | Killed mn3067's ghost
  4461 | D:4      | Reached XP level 7. HP: 45/61 MP: 7/7
  4494 | D:4      | Identified the +1 hat of Rapro {Drain Int+3 SInv}
  4592 | D:5      | Entered Level 5 of the Dungeon
  4797 | D:5      | Reached skill level 5 in Armour
  5043 | D:5      | Reached skill level 8 in Axes
  5043 | D:5      | Reached skill level 1 in Invocations
  5283 | D:5      | Reached XP level 8. HP: 19/70 MP: 7/9
  5781 | D:5      | Reached skill level 9 in Axes
  6100 | D:6      | Found a white marble altar of Elyvilon.
  6101 | D:6      | Found a shadowy altar of Dithmenos.
  6102 | D:6      | Found a basalt altar of Yredelemnul.
  6104 | D:6      | Found a burning altar of Makhleb.
  6104 | D:6      | Found a stormy altar of Qazlal.
  6812 | D:6      | Reached skill level 10 in Axes
  6909 | D:6      | Found a glowing silver altar of Zin.
  7139 | D:7      | Reached * piety under Beogh
  7140 | D:7      | Reached XP level 9. HP: 67/78 MP: 11/11
  7349 | D:7      | Reached skill level 5 in Shields
  7826 | D:7      | HP: 3/79 [killer bee (3)]
  7828 | D:7      | Slain by a killer bee

Illustrated notes

Levels and vault maps discovered:
D:1:      onia_arrival_mini_maze, layout_loops_ring, serial_forest,
          infiniplex_forest_straight_3, infiniplex_forest_end_3,
          infiniplex_forest_end_2, infiniplex_forest_straight_4,
          infiniplex_forest_zigzag_2, infiniplex_forest_clump_small,
          infiniplex_forest_straight_1, infiniplex_forest_lined_2,
          infiniplex_forest_clump_long, infiniplex_forest_clump_double
D:2:      layout_loops_ring, serial_shops, shop, nicolae_shop_statue_plus,
          dreamdust_ecumenical_altar_angels_and_demons
D:3:      layout_loops_ring, kennysheep_pointless_box, minmay_ruptured
D:4:      kennysheep_slugbush, layout_loops_corners,
          mainiacjoe_overflow_brackets, temple_doors_e,
          biasface_ghost_orc_armoury
D:5:      layout_basic
D:6:      layout_basic, mainiacjoe_overflow_concentric_impassable,
          grunt_temple_overflow_open, chequers_serial_rivers_room_a
D:7:      layout_cave_pods
D:8:      layout_basic, enter_bailey_5
Temple:   dshaligram_water_room_temple

Skill      XL: |  1  2  3  4  5  6  7  8  9 |
---------------+----------------------------+-----
Fighting       | 4 5 6 7 |  7.0
Axes           | 3 4 5 7 8 10 | 10.6
Armour         | 4 5 6 |  6.2
Dodging        | 1 |  1.0
Shields        | 4 5 |  5.0
Invocations    | 1 3 |  3.4

Action                   |  1- 3 |  4- 6 |  7- 9 || total
-------------------------+-------+-------+-------++-------
Melee: War axe           |    91 |   134 |   223 ||   448
Invok: Convert to Beogh  |       |     1 |       ||     1
  Use: Scroll            |     1 |       |    12 ||    13
       Potion            |     1 |     2 |     4 ||     7
Armor: Scale mail        |    17 |       |       ||    17
       Ring mail         |    33 |    72 |    99 ||   204
Dodge: Dodged            |    54 |    80 |   144 ||   278
Block: Buckler           |    33 |    41 |    37 ||   111
